 Dungeon Crawl Stone Soup version 0.32-a0-871-ge202e49faa (webtiles) character file.

Game seed: 13191381729851546890

57401 olmar the Fighter (level 14, -5/105 (118) HPs)
             Began as a Demonspawn Monk on Mar 29, 2024.
             Was an Initiate of Gozag.
             Killed from afar by a revenant (14 damage)
             ... with a ghostly fireball
             ... on level 2 of the Abyss on Mar 30, 2024.
             The game lasted 01:02:01 (22396 turns).

olmar the Fighter (Demonspawn Monk)                Turns: 22396, Time: 01:02:02

HP:   -5/105 (118)  AC: 18    Str: 21    XL:     14   Next: 45%
MP:   0/39          EV: 33    Int: 24    God:    Gozag
Gold: 1559          SH:  0    Dex: 16    Spells: 27/38 levels left

rFire   + . .        X - +4 rapier of Courage {venom, rPois MP+9 Str+3 Stlth-}
rCold   . . .        d - orb {light}
rNeg    . . .        S - +7 toga "Victory" {*Victory Int+7 Slay+7 Clar}
rPois   +            Y - +2 hat
rElec   .            j - +2 cloak
rCorr   +            K - +2 pair of gloves "Meintemu" {^Contam Will+ rCorr Str+2}
SInv    .            g - +0 pair of boots
Will    ++++.        t - amulet of the acrobat
Stlth   +            L - ring of protection from fire
HPRegen 0.00/turn    W - ring of willpower
MPRegen 0.52/turn

%: acrobat, clarity, guardian spirit, wizardry (x1)
@: mighty, agile, acrobatic, sick, glowing, studying Necromancy, heavily drained
A: antennae 2, powered by pain 2, magic shield, magic regeneration, big brain 3,
demonic willpower
a: Renounce Religion, Potion Petition, Call Merchant, Bribe Branch


You were on level 2 of the Abyss.
You worshipped Gozag.
Gozag was most pleased with you.
You visited 4 branches of the dungeon, and saw 18 of its levels.
You visited the Abyss 1 time.
You also visited: Sewer and Bailey.

You collected 5463 gold pieces.
You spent 1393 gold pieces at shops.
You paid 2511 gold pieces to Gozag.

Inventory:

Hand Weapons
 a - a +1 mace
 c - a +1 dagger of venom
 P - a +1 flail of draining
 X - the +4 rapier of Courage (weapon) {venom, rPois MP+9 Str+3 Stlth-}
   (You bought it in a shop on level 4 of the Dungeon)

   Str+3:     It affects your strength (+3).
   rPois:     It protects you from poison.
   MP+9:      It affects your magic capacity (+9).
   Stlth-:    It makes you less stealthy.
Missiles
 i - 33 poisoned darts
 p - 3 silver javelins (quivered)
 Q - 3 throwing nets
Armour
 b - a +0 robe
 d - an orb of light (worn)
 g - a +0 pair of boots (worn)
 j - a +2 cloak (worn)
 I - a +0 scale mail of fire resistance
 K - the +2 pair of gloves "Meintemu" (worn) {^Contam Will+ rCorr Str+2}
   (You bought it in a shop on level 7 of the Dungeon)

   Str+2:     It affects your strength (+2).
   Will+:     It increases your willpower.
   ^Contam:   It causes magical contamination when unequipped.
   rCorr:     It protects you from acid and corrosion.
 S - the +7 toga "Victory" (worn) {*Victory Int+7 Slay+7 Clar}
   (You found it on level 6 of the Dungeon)

   *Victory:  When the wearer kills a threatening monster, it has a chance to
   gain +1 AC, +1 Slay, and +1 Int, capping at +7.
   When the wearer uses a scroll or a potion with a hostile monster in sight,
   its bonuses reset to +0.
   Unequipping it also resets its bonuses to +0.
   Int+7:     It affects your intelligence (+7).
   Slay+7:    It affects your accuracy & damage with ranged weapons and melee
   (+7).
   Clar:      It protects you from confusion, rage, mesmerisation and fear.
 Y - a +2 hat (worn)
Jewellery
 t - an amulet of the acrobat (around neck)
 D - a ring of ice
 L - a ring of protection from fire (left hand)
 T - a ring of magical power
 W - a ring of willpower (right hand)
Wands
 v - a wand of flame (37)
 H - a wand of digging (6)
 Z - a wand of paralysis (2)
Scrolls
 f - a scroll of butterflies
 m - 6 scrolls of teleportation
 n - 4 scrolls of vulnerability
 o - 2 scrolls of acquirement {unknown}
 s - a scroll of silence
 u - 3 scrolls of fear
 x - a scroll of immolation {unknown}
 y - 2 scrolls of amnesia {unknown}
 z - 2 scrolls of blinking
 A - 6 scrolls of enchant weapon
 N - 4 scrolls of enchant armour
 O - 5 scrolls of fog
 R - 3 scrolls of revelation
 U - a scroll of noise {unknown}
 V - 2 scrolls of torment
Potions
 e - 4 potions of enlightenment
 h - 4 potions of mutation
 k - 4 potions of brilliance
 l - 6 potions of lignification
 q - 2 potions of resistance
 r - 2 potions of haste
 B - 2 potions of berserk rage {unknown}
 C - 5 potions of curing
 E - 2 potions of magic
 F - 2 potions of heal wounds
 G - 4 potions of might
 J - a potion of invisibility {unknown}
 M - 4 potions of cancellation {unknown}


   Skills:
 + Level 13.5 Fighting
 + Level 11.4 Short Blades
 - Level 6.4 Maces & Flails
 - Level 4.6 Dodging
 - Level 1.4 Stealth
 * Level 12.6 Spellcasting
 + Level 9.5 Conjurations
 - Level 1.7 Summonings
 - Level 0.8 Ice Magic
 + Level 0.9 Air Magic
 - Level 1.5 Evocations


You had 27 spell levels left.
You knew the following spells:

 Your Spells              Type           Power      Damage    Failure   Level
a - Static Discharge      Conj/Air       80%        3-7/arc   1%          2
b - Hailstorm             Conj/Ice       40%        3d9       1%          3
c - Magic Dart            Conj           100%       1d8       1%          1
d - Call Imp              Summ           46%        N/A       1%          2
e - Ozocubu's Armour      Ice            19%        N/A       3%          3

Your spell library contained the following spells:

 Spells                   Type           Power      Damage    Failure   Level
 Freeze                   Ice            76%        1d8       1%          1
 Mephitic Cloud           Conj/Alch/Air  31%        N/A       1%          3
 Blink                    Tloc           30%        N/A       2%          2
 Cigotuvi's Dreadful Rot  Necr/Alch/Air  32%        N/A       2%          2
 Frozen Ramparts          Ice            38%        1d6       3%          3
 Tukima's Dance           Hex            15%        N/A       4%          3
 Summon Lightning Spire   Summ/Air       21%        N/A       10%         4
 Airstrike                Air            9%         2d(2-18)  12%         4
 Leda's Liquefaction      Alch/Erth      7%         N/A       16%         4
 Passage of Golubria      Tloc           15%        N/A       16%         4
 Sticky Flame             Fire/Alch      15%        2d5       16%         4
 Metabolic Englaciation   Hex/Ice        8%         N/A       34%         5
 Yara's Violent Unravell  Hex/Alch       7%         3d5       41%         5
 Eringya's Noxious Bog    Alch           7%         4d6       91%         6


Dungeon Overview and Level Annotations

Branches:
Dungeon (13/15)            Temple (0/1) D:7            Lair (2/5) D:8
    Orc (2/2) D:12            Elf (1/3) Orc:2         Sewer (visited)
 Bailey (visited)
  Swamp: Lair:2-3    Shoals: Lair:2-3     Snake: Lair:2-3    Spider: Lair:2-3
 Vaults: D:13-14

Altars:
Cheibriados
Gozag
Hepliaklqana
Okawaru
Ru
Trog
Uskayaw
Wu Jian
Beogh

Shops:
D:4 (   D:5 *   D:7 [(   Orc:2 ::*([


Innate Abilities, Weirdness & Mutations

You have a pair of antennae on your head.
You sometimes gain power by taking damage.
When hurt, damage is shared between your health and your magic reserves.
You regenerate magic rapidly.
You have an absolutely massive brain. (Int +6, Wiz)
You punish those that try to bend your will. (Will+)


Message History

Unknown command.
Welcome back, olmar the Demonspawn Monk.
Gozag says: Greed is good.
Press ? for a list of commands and other information.
The kobold demonologist casts a spell.
A chorus of shrieks assaults your mind.
* * * LOW HITPOINT WARNING * * *
A starcursed mass splits.
Unknown command.
Unknown command.
Okay, then.
Unknown command.
The sixfirhy barely misses you. The sixfirhy completely misses you.
An ufetubus comes into view.
The kobold demonologist looks braver for a moment.
The iron imp completely misses you.
The ufetubus moves out of view.
Unknown command.
Unknown command.
Unknown command.
Unknown command.
The kobold demonologist casts a spell.
A chorus of shrieks assaults your mind.
* * * LOW HITPOINT WARNING * * *
Unknown command.
Unknown command.
The kobold demonologist mumbles some strange words.
A starcursed mass splits.
Unknown command.
A chorus of shrieks assaults your mind.
* * * LOW HITPOINT WARNING * * *
A large abomination comes into view.
You feel ill.
A deafening chorus of shrieks assaults your mind!
* * * LOW HITPOINT WARNING * * *
You suddenly lose the ability to move!
You can move again.
Unknown command.
The revenant lashes out with ghostly flames.
The ghostly flame explodes!
The ghostly fireball engulfs you!!
You feel drained.
You die...
Your body crumbles into a pile of gold.

.# #. # .. . . .#. #
X#. .# ..# . . . # #
.# ##.#..## # .
.##..#.#. ... . .
##.......#.##
#.@#.#.#..#.#.
###.......###.
#....#...#.#$## ..
#..#x.X### $..# .
#.#...#.#....####...
#.#.#Zz.XX.X.# ....#
#..#.{4XX...#.X.....
#.......5##... .#.#.
. #..#.#.....
..#.X#..#.


You could see 2 starcursed masses, a revenant, an ancient zyme, a large
abomination, a hellwing (summoned), an iron imp and a titan zombie.

Vanquished Creatures
  Gastronok (D:12)
  A deep elf sorcerer (Elf:1)
  Harold (D:9)
  Erolcha (Orc:2)
  3 centaur warriors
  4 two-headed ogres
  2 dancing weapons (Elf:1)
  2 tengu warriors
  A boulder beetle (D:8)
  2 thrashing horrors (Abyss:2)
  3 orc high priests
  A deep elf knight (Elf:1)
  Urug (D:12)
  An arcanist (D:10)
  Pikel (D:5)
  11 deep elf zephyrmancers (Elf:1)
  3 orc knights
  2 thermic dynamos (Elf:1)
  2 obsidian bats
  2 ugly things
  7 deep elf pyromancers (Elf:1)
  7 orc sorcerers
  Maurice (D:9)
  2 cyclopes
  2 manticores (D:10)
  A guardian serpent (Abyss:2)
  2 kobold blastminers (Orc:1)
  2 smoke demons (Abyss:2)
  A cane toad (Lair:1)
  A kobold demonologist (D:12)
  4 komodo dragons
  4 large abominations (Abyss:2)
  An unseen horror (D:12)
  An efreet (D:10)
  A tengu conjurer (D:12)
  3 freezing wraiths
  4 trolls
  A hornet (D:10)
  8 blink frogs (Lair:1)
  5 slime creatures
  A vampire (D:12)
  A spriggan (shapeshifter) (Elf:1)
  A shadow (D:9)
  2 small abominations (Abyss:2)
  2 wraiths
  25 yaks
  A water elemental (Elf:1)
  A wyvern (D:7)
  2 steam dragons (D:8)
  A basilisk (D:10)
  A fire bat (Abyss:2)
  A neqoxec (Abyss:2)
  5 wargs
  A chaos spawn (Abyss:2)
  4 water moccasins
  Pargi (Sewer)
  2 sky beasts
  27 orc warriors
  2 laughing skulls (D:12)
  An ice beast (D:7)
  13 ogres
  6 wolves (Lair:1)
  4 centaurs
  2 phantoms (D:7)
  3 lemures (D:5)
  A weeping skull (Abyss:2)
  3 gnoll sergeants
  7 kobold brigands
  A brain worm (Sewer)
  A scorpion (D:5)
  5 bullfrogs
  6 wights
  8 killer bees
  3 howler monkeys
  2 jellies
  A bombardier beetle (D:3)
  A quasit (Abyss:2)
  2 hounds (D:5)
  30 orc priests
  5 iguanas
  52 orc wizards
  9 gnolls
  9 adders
  A shadow imp (D:5)
  2 white imps (D:7)
  4 ufetubi
  5 ribbon worms
  3 dart slugs
  102 orcs
  8 endoplasms
  2 giant cockroaches
  4 goblins
  2 hobgoblins
  2 jackals (D:3)
  6 quokkas
  8 ball pythons
  4 bats
  4 frilled lizards
  25 kobolds
  4 rats
545 creatures vanquished.

Vanquished Creatures (collateral kills)
  An orc (Orc:2)
1 creature vanquished.

Vanquished Creatures (others)
  An orc wizard (Orc:2)
1 creature vanquished.

Grand Total: 547 creatures vanquished

Notes
Turn   | Place    | Note
-------+----------+-------------------------------------------
     0 | D:1      | olmar the Demonspawn Monk began the quest for the Orb.
     0 | D:1      | Reached XP level 1. HP: 18/18 MP: 1/1
   259 | D:1      | Gained mutation: You sometimes gain a little power by
                  | taking damage. [demonic ancestry]
   259 | D:1      | Reached XP level 2. HP: 24/24 MP: 2/2
   832 | D:1      | Gained mutation: You have a pair of small antennae on your
                  | head. [demonic ancestry]
   832 | D:1      | Reached XP level 3. HP: 21/29 MP: 3/3
  1235 | D:2      | Reached XP level 4. HP: 35/35 MP: 4/4
  1876 | D:3      | Found a bloodstained altar of Trog.
  2459 | D:3      | Reached XP level 5. HP: 33/42 MP: 5/5
  2593 | D:3      | Found a hazy altar of Hepliaklqana.
  2593 | D:3      | Found an opulent altar of Gozag.
  2603 | D:3      | Became a worshipper of Gozag Ym Sagoz the Greedy
  2761 | D:4      | Noticed an ogre
  2767 | D:4      | Killed an ogre
  2768 | D:4      | Reached skill level 1 in Stealth
  2860 | D:4      | Reached skill level 4 in Fighting
  2860 | D:4      | Gained mutation: You have an unusually large brain. (Int
                  | +2) [demonic ancestry]
  2860 | D:4      | Reached XP level 6. HP: 46/48 MP: 6/6
  3057 | D:4      | Found an ornate altar of the Wu Jian Council.
  3210 | D:4      | Found Hinleiwo's Weapon Boutique.
  3443 | D:4      | Noticed a water moccasin
  3453 | D:4      | Killed a water moccasin
  3454 | D:4      | Reached skill level 5 in Maces & Flails
  3690 | D:5      | Entered Level 5 of the Dungeon
  3877 | D:5      | Noticed Pikel
  3912 | D:5      | HP: 2/49 [Pikel/+2 whip of freezing (4)]
  3913 | D:5      | Paralysed by Pikel for 4 turns
  3918 | D:5      | Paralysed by Pikel for 2 turns
  3926 | D:5      | Killed Pikel
  3927 | D:5      | Reached skill level 1 in Evocations
  3927 | D:5      | Gained mutation: You regenerate magic rapidly. [demonic
                  | ancestry]
  3927 | D:5      | Reached XP level 7. HP: 7/55 MP: 7/7
  4094 | D:5      | Learned a level 2 spell: Static Discharge
  4111 | D:5      | Found Naunteth's Assorted Antiques.
  4122 | D:5      | Bought a scroll of identify for 70 gold pieces
  4122 | D:5      | Bought a scroll labelled RELEDI NEEFYCI for 35 gold pieces
  4122 | D:5      | Bought a potion of curing for 105 gold pieces
  4237 | D:5      | Reached skill level 5 in Fighting
  4237 | D:5      | Reached skill level 1 in Conjurations
  4237 | D:5      | Gained mutation: When hurt, damage is shared between your
                  | health and your magic reserves. [demonic ancestry]
  4237 | D:5      | Reached XP level 8. HP: 47/62 MP: 9/9
  4313 | D:5      | Reached skill level 1 in Spellcasting
  4797 | D:5      | Found a sacrificial altar of Ru.
  4814 | D:5      | Learned a level 3 spell: Hailstorm
  4984 | D:6      | Noticed a purple ugly thing
  5022 | D:6      | Killed a purple ugly thing
  5023 | D:6      | Reached skill level 6 in Fighting
  5107 | D:6      | Found a glowing drain.
  5126 | Sewer    | Entered a sewer
  5650 | Sewer    | Noticed Pargi
  5657 | Sewer    | Killed Pargi
  5658 | Sewer    | Gained mutation: You sometimes gain power by taking damage.
                  | [demonic ancestry]
  5658 | Sewer    | Reached XP level 9. HP: 71/71 MP: 14/14
  5764 | D:6      | Reached skill level 7 in Fighting
  5858 | D:6      | Found a runed translucent door.
  5859 | D:6      | Found an iron altar of Okawaru.
  5864 | D:6      | Found the +0 toga "Victory" {*Victory Clar}
  6566 | D:7      | Found a staircase to the Ecumenical Temple.
  6623 | D:7      | Found Foeg Tie's Armour Shoppe.
  6644 | D:7      | Bought the +2 pair of gloves "Meintemu" {^Contam Will+
                  | rCorr Str+2} for 406 gold pieces
  6725 | D:7      | Found Qorchuna's Antique Weapon Emporium.
  6747 | D:7      | Learned a level 1 spell: Magic Dart
  6966 | D:7      | Reached skill level 8 in Fighting
  6966 | D:7      | Reached skill level 5 in Conjurations
  7079 | D:7      | Found a hide-covered altar of Uskayaw.
  7479 | D:8      | Found a staircase to the Lair.
  7629 | D:8      | Noticed a tengu warrior
  7653 | D:8      | Killed a tengu warrior
  7654 | D:8      | Reached skill level 9 in Fighting
  7654 | D:8      | Reached skill level 5 in Spellcasting
  7654 | D:8      | Gained mutation: You have an extremely huge brain. (Int +4)
                  | [demonic ancestry]
  7654 | D:8      | Reached XP level 10. HP: 31/83 MP: 8/17
  7708 | D:8      | Found a flagged portal.
  7754 | Bailey   | Entered a bailey
  8226 | Bailey   | Noticed an orc knight
  8287 | Bailey   | Killed an orc knight
  8288 | Bailey   | Reached skill level 10 in Fighting
  9156 | D:8      | Reached skill level 1 in Short Blades
  9512 | D:8      | Noticed a two-headed ogre
  9523 | D:8      | Killed a two-headed ogre
  9569 | D:8      | Noticed a boulder beetle
  9582 | D:8      | Killed a boulder beetle
 10036 | D:9      | Noticed Maurice
 10045 | D:9      | Learned a level 2 spell: Call Imp
 10059 | D:9      | Maurice stole a ring of ice
 10068 | D:9      | Maurice stole a +1 mace
 10081 | D:9      | Killed Maurice
 10082 | D:9      | Gained mutation: You punish those that try to bend your
                  | will. (Will+) [demonic ancestry]
 10082 | D:9      | Reached XP level 11. HP: 89/92 MP: 17/21
 10477 | D:9      | Noticed a two-headed ogre
 10522 | D:9      | Killed a two-headed ogre
 10918 | D:9      | Noticed Harold
 10949 | D:9      | Killed Harold
 10950 | D:9      | Reached skill level 1 in Summonings
 11515 | D:10     | Entered Level 10 of the Dungeon
 11622 | D:6      | Reached skill level 11 in Fighting
 11766 | Lair:1   | Entered Level 1 of the Lair of Beasts
 13810 | D:10     | Noticed a tengu warrior
 13812 | D:10     | Noticed a two-headed ogre
 13812 | D:10     | Noticed a cyan ugly thing
 13813 | D:10     | Upgraded the game from 0.32-a0-868-g153ae1a8d6 to
                  | 0.32-a0-871-ge202e49faa
 13813 | D:10     | Noticed a centaur warrior
 13825 | D:10     | Noticed a two-headed ogre
 14146 | D:4      | Bought the +4 rapier of Courage {venom, rPois MP+9 Str+3
                  | Stlth-} for 777 gold pieces
 14284 | D:9      | Killed a tengu warrior
 14285 | D:9      | Gained mutation: You have an absolutely massive brain. (Int
                  | +6, Wiz) [demonic ancestry]
 14285 | D:9      | Reached XP level 12. HP: 66/100 MP: 25/25
 14288 | D:9      | Killed a two-headed ogre
 14612 | D:10     | Got the Cyclopedia of Xanthosis
 14630 | D:10     | Paralysed by a hornet for 1 turns
 14771 | D:10     | Reached skill level 10 in Spellcasting
 14785 | D:10     | Noticed a centaur warrior
 14828 | D:10     | Killed a centaur warrior
 14845 | D:10     | Killed a centaur warrior
 15064 | D:10     | Killed a two-headed ogre
 15068 | D:10     | Reached skill level 5 in Short Blades
 15389 | D:10     | Found a snail-covered altar of Cheibriados.
 15729 | D:11     | Learned a level 3 spell: Ozocubu's Armour
 16198 | D:11     | Reached skill level 12 in Fighting
 17089 | D:12     | Noticed Urug
 17092 | D:12     | Found a staircase to the Orcish Mines.
 17120 | D:12     | Killed Urug
 17349 | D:12     | Gained mutation: You have a pair of antennae on your head.
                  | [demonic ancestry]
 17349 | D:12     | Reached XP level 13. HP: 97/108 MP: 27/27
 17777 | D:12     | Noticed Gastronok
 17788 | D:12     | Killed Gastronok
 18060 | Orc:1    | Entered Level 1 of the Orcish Mines
 18060 | Orc:1    | Found a roughly hewn altar of Beogh.
 18748 | Orc:2    | Entered Level 2 of the Orcish Mines
 19714 | Orc:2    | Noticed Erolcha
 19720 | Orc:2    | Killed Erolcha
 20405 | Orc:2    | Found a staircase to the Elven Halls.
 20623 | Orc:2    | Found Vypaaq's Assorted Antiques.
 20623 | Orc:2    | Found Osomarea's Book Shoppe.
 20624 | Orc:2    | Found Dihozi Xuwa's Antique Weapon Emporium.
 20672 | Orc:2    | Found Beseap's Armour Emporium.
 20764 | Orc:2    | Found Ehelip's Book Shop.
 20888 | Elf:1    | Entered Level 1 of the Elven Halls
 21166 | Elf:1    | Reached skill level 10 in Short Blades
 21426 | Elf:1    | Reached XP level 14. HP: 69/116 MP: 30/30
 21468 | Elf:1    | Reached skill level 13 in Fighting
 21617 | Elf:1    | Noticed a deep elf sorcerer
 21634 | Elf:1    | Killed a deep elf sorcerer
 21986 | Abyss:2  | Cast into level 2 of the Abyss (+2 mace of distortion)
 22266 | Abyss:2  | Noticed a daeva
 22379 | Abyss:2  | Noticed a revenant
 22395 | Abyss:2  | Paralysed by accursed screaming for 1 turns
 22396 | Abyss:2  | Killed from afar by a revenant

Illustrated notes

Levels and vault maps discovered:
D:1:      minmay_arrival_open_corners, layout_loops_cross,
          minmay_misc_feat_tower
D:2:      layout_rooms, minmay_box_of_dots
D:3:      minmay_wonky_spiral, layout_loops_ring, zin_scriptorium,
          overflow_temple_1_default, gammafunk_temple_overflow_pools,
          corner_web_ring
D:4:      layout_gridville, mainiacjoe_overflow_large_starburst, serial_shops,
          nicolae_shop_real_fake_doors, nicolae_kite_square_tiling_tiny
D:5:      layout_basic, mainiacjoe_overflow_boulevard, serial_shops,
          nicolae_shop_tiny_glass, kennysheep_generic_room_3, uniq_pikel
D:6:      kennysheep_big_flooded_room, layout_basic,
          nicolae_overflow_guarded_unrand_okawaru_victory,
          cheibrodos_sewer_entry_drain
D:7:      minmay_evil_eye, layout_basic, mainiacjoe_overflow_paths,
          minmay_temple_entry_large_hall, serial_shops, shop,
          nicolae_shop_advertising_works [nicolae_subvault_shop_adworks]
D:8:      layout_gridville, lair_entry_dummy, enter_bailey_8,
          minmay_manual_monstrance
D:9:      layout_long_grid, uniq_harold, uniq_maurice
D:10:     layout_basic, slow_altar_1, serial_corexii_hall,
          corexii_hall_statues_x, corexii_hall_statues_x, minivault_28
D:11:     layout_small_grid
D:12:     layout_irregular_city, david_orc_3, uniq_urug, uniq_gastronok
D:13:     layout_grid_maze, hellmonk_vaults_order_and_chaos, minmay_holes,
          chequers_serial_rivers_small_3
Lair:1:   layout_long_grid
Lair:2:   layout_loops_ring, grunt_megastairs_5
Orc:1:    layout_diamond_mine, basic_altar, nicolae_orc_rockfall
Orc:2:    st_orc_mages, layout_caves, serial_shops, shop, uniq_erolcha
Elf:1:    layout_gridlike, gammafunk_ghost_cemetery, serial_shops, shop,
          minmay_elf_sorcery, lemuel_upstairs_altar
Abyss:2:  base: Crypt:1, serial_sigils_hangedman_shear,
          serial_sigils_hangedman_shear, base:
Crypt:1

Skill      XL: |  1  2  3  4  5  6  7  8  9 10 11 12 13 14 |
---------------+-------------------------------------------+-----
Maces & Flails | 3 4 6 |  6.4
Dodging        | 3 4 |  4.6
Stealth        | 1 |  1.4
Fighting       | 4 5 6 9 10 11 12 13 | 13.5
Evocations     | 1 |  1.5
Conjurations   | 1 4 5 7 9 |  9.5
Spellcasting   | 3 5 6 9 10 12 | 12.6
Short Blades   | 2 7 10 11 | 11.4
Summonings     | 1 |  1.7
Ice Magic      | |  0.8
Air Magic      | |  0.9

Action                     |  1- 3 |  4- 6 |  7- 9 | 10-12 | 13-15 || total
---------------------------+-------+-------+-------+-------+-------++-------
  Melee: Mace              |    88 |   182 |   285 |    59 |       ||   614
         Dagger            |       |       |       |   399 |       ||   399
         Rapier            |       |       |       |   273 |   640 ||   913
  Throw: Javelin           |       |     2 |     3 |    10 |     5 ||    20
         Dart              |       |     6 |    23 |   103 |    91 ||   223
         Throwing net      |       |       |       |     7 |       ||     7
   Cast: Static Discharge  |       |       |    11 |    84 |     4 ||    99
         Magic Dart        |       |       |     4 |     2 |     2 ||     8
         Call Imp          |       |       |       |    16 |     7 ||    23
         Hailstorm         |       |       |       |    11 |    21 ||    32
         Ozocubu's Armour  |       |       |       |     6 |    15 ||    21
 Invoke: Potion Petition   |       |       |       |     2 |     3 ||     5
  Evoke: Wand              |       |     8 |    21 |    35 |     3 ||    67
    Use: Scroll            |       |     6 |     8 |     5 |     2 ||    21
         Potion            |       |     4 |     1 |     3 |    11 ||    19
   Stab: Paralysed         |       |       |    63 |    21 |     3 ||    87
         Distracted        |       |       |     2 |     4 |     5 ||    11
         Sleeping          |       |       |     1 |       |       ||     1
         Held in net/web   |       |       |       |     2 |       ||     2
 Armour: Robe              |    65 |    92 |   163 |   681 |   423 ||  1424
         Skin              |       |    33 |       |       |       ||    33
  Dodge: Dodged            |    77 |    88 |   182 |   580 |   382 ||  1309

Table legend: (Time is in decaauts)
 A = Elapsed time spent in this place.
 B = Non-inter-level travel time spent in this place.
 C = Inter-level travel time spent in this place.
 D = Time resting spent in this place.
 E = Time spent auto-exploring this place.
 F = Levels seen in this place.
 G = Mean time per level.
                   A        B        C        D        E       F      G
               +--------+--------+--------+--------+--------+-----+--------+
         Total |  22191 |  21107 |   1084 |   4396 |  11641 |  21 | 1056.7 |
       Dungeon |  14650 |  13724 |    926 |   1969 |   8703 |  13 | 1126.9 |
          Lair |   2000 |   1890 |    110 |    671 |    948 |   2 | 1000.0 |
  Orcish Mines |   2746 |   2699 |     47 |    710 |   1207 |   2 | 1373.0 |
   Elven Halls |   1026 |   1026 |      0 |    539 |    220 |   1 | 1026.0 |
         Abyss |    327 |    327 |      0 |      0 |      4 |   1 |  327.0 |
         Sewer |    598 |    598 |      0 |    220 |    272 |   1 |  598.0 |
        Bailey |    841 |    841 |      0 |    286 |    287 |   1 |  841.0 |
               +--------+--------+--------+--------+--------+-----+--------+

Top non-repeatable levels by time:
     D:9: 2153 daAuts
  Lair:1: 1989 daAuts
   Orc:2: 1546 daAuts
    D:12: 1438 daAuts
    D:10: 1432 daAuts
     D:8: 1405 daAuts
     D:5: 1341 daAuts
   Orc:1: 1200 daAuts
     D:6: 1109 daAuts
     D:3: 1061 daAuts
     D:7: 1058 daAuts
     D:4: 1040 daAuts
   Elf:1: 1026 daAuts
     D:1: 877 daAuts
    D:11: 853 daAuts
